 Dungeon Crawl Stone Soup version 0.17-a0-1741-gd5e8965 (webtiles) character file.

100 TuckyLangle the Covert (level 4, -5/29 HPs)
             Began as an Octopode Assassin on Aug 31, 2015.
             Engulfed by a cloud of flame (17 damage)
             ... on level 3 of the Dungeon.
             The game lasted 00:05:12 (1527 turns).

TuckyLangle the Covert (Octopode Assassin)          Turns: 1527, Time: 00:05:14

Health: -5/29      AC:  1    Str: 10    XL:     4   Next: 74%
Magic:  4/4        EV: 12    Int: 13    God:
Gold:   97         SH:  0    Dex: 14    Spells: 0 memorised, 3 levels left

rFire  . . .     SeeInvis .     a - +3 dagger
rCold  . . .     Clarity  .     (no shield)
rNeg   . . .     SustAt   .     (helmet restricted)
rPois  .         Gourm    .     (no amulet)
rElec  .         Spirit   .     i - ring of loudness (curse)
rCorr  .         Warding  .     (no ring)
rMut   .         Stasis   .     (no ring)
MR     .....                    (no ring)
Stlth  ++++......               (no ring)
                                (no ring)
                                (no ring)
                                (no ring)

@: very slightly contaminated, not resistant to hostile enchantments, stealthy
A: almost no armour, amphibious, 8 rings, constrict 8, camouflage 1, gelatinous
body 1
a: no special abilities


You were on level 3 of the Dungeon.
You were not hungry.

You visited 1 branch of the dungeon, and saw 3 of its levels.

You collected 97 gold pieces.

Inventory:

Hand weapons
 a - a +3 dagger (weapon)
 b - a +0 blowgun
Missiles
 c - 36 poisoned needles
 d - 2 curare-tipped needles
Jewellery
 i - a cursed ring of loudness (left tentacle)
Scrolls
 g - a scroll of fog
Potions
 h - a potion of resistance
 k - a potion of might {unknown}
Comestibles
 e - 3 bread rations
 n - a beef jerky
 q - a meat ration


   Skills:
 - Level 2.0 Fighting
 * Level 2.3 Short Blades
 - Level 2.0 Throwing
 - Level 1.0 Dodging
 - Level 8.0 Stealth


You had 3 spell levels left.
You didn't know any spells.

Dungeon Overview and Level Annotations

Branches:
Dungeon (3/15)

Altars:
Ashenzari
Cheibriados
Nemelex Xobeh

Annotations:
D:2 Natasha


Innate Abilities, Weirdness & Mutations

You cannot wear most types of armour.
You are amphibious.
You can wear up to eight rings at the same time.
You can use your tentacles to constrict eight enemies at once.
Your skin changes colour to match your surroundings (Stealth).
Your rubbery body absorbs attacks (AC +1).


Message History

As you read the scroll labeled CURCHA LIADIO, it crumbles to dust.
It is a scroll of recharging.
You aren't carrying any rechargeable items.
The bat misses you.
Read which item? (? for menu, Esc to quit)
As you read the scroll labeled RARERGHEZEC, it crumbles to dust.
You feel aware of your surroundings.
You sensed 2 altars.
It was a scroll of magic mapping.
The bat misses you.
Read which item? (? for menu, Esc to quit)
As you read the scroll labeled LUARUV HOIWIE, it crumbles to dust.
It is a scroll of enchant weapon.
Enchant which weapon? (? for menu, Esc to quit)
Your +2 dagger glows red for a moment.
The bat closely misses you.
You closely miss the bat. Your grab misses the bat. You squeeze the bat.
The bat explodes!
The fiery explosion engulfs you!
Ouch! That really hurt!
You are engulfed in roaring flames.
Ouch! That really hurt!
You die...

<* *,,,,,,..,,,,******,≈≈,,** ,*
*,,,,**#.,,,,,,,,,,≈≈_≈≈,, ,*
*,..,* #.**********,≈≈≈,,*
,*******,...* #.# *≈,,,≈**
,,,,,,,,,...###.#########*,,,***
********>.......§.§......,,,,*
*,#......§"§......,,,,*
*,#.###§§§§§..#####,*,*
*,#.#..§§@§..<.[...,,,*
*,#....§§%..)...##*,***
*,###..........## *,* *,*
###.......####*,****** *,*
#...........,,,,,,,, *,*
####..######*,,,,,,, *,* #.##
**,,*,** *,* ####.#######**,,*,*
*,* #...........,,,,*,**


There were no monsters in sight!

Vanquished Creatures
  Natasha (twice) (D:2)
  An adder (D:2)
  3 oozes (D:1)
  A giant gecko (D:1)
  2 giant cockroaches (D:1)
  2 hobgoblins
  3 jackals (D:1)
  7 kobolds
  2 ball pythons (D:2)
  7 bats
  2 giant newts (D:2)
  9 goblins
  5 rats
46 creatures vanquished.

Notes
Turn   | Place    | Note
--------------------------------------------------------------
     0 | D:1      | TuckyLangle the Octopode Assassin began the quest for the Orb.
     0 | D:1      | Reached XP level 1. HP: 14/14 MP: 1/1
    46 | D:1      | Found a shattered altar of Ashenzari.
    77 | D:1      | Reached skill level 6 in Stealth
    77 | D:1      | Reached XP level 2. HP: 17/19 MP: 2/2
   223 | D:1      | Reached XP level 3. HP: 12/24 MP: 3/3
   721 | D:1      | Reached skill level 7 in Stealth
   792 | D:2      | Found a sparkling altar of Nemelex Xobeh.
   878 | D:2      | Found a snail-covered altar of Cheibriados.
  1109 | D:2      | Noticed Natasha
  1116 | D:2      | Killed Natasha
  1116 | D:2      | Reached XP level 4. HP: 29/29 MP: 4/4
  1219 | D:2      | Noticed Natasha
  1227 | D:2      | Killed Natasha
  1227 | D:2      | Reached skill level 8 in Stealth
  1459 | D:2      | Noticed Natasha
  1527 | D:3      | Engulfed by a cloud of flame

Vault maps used:
D:1:      roderic_crossed_star, corexii_corridor_pit, evilmike_ruin_ashenzari
D:2:      old_standard_altar, first_bread, cheibriados_altar_1, uniq_natasha
D:3:      overflow_temple_1_default, fountainhead, fedhas_altar_2

Action                   |  1- 3 |  4- 6 || total
-------------------------+-------+-------++-------
Melee: Dagger            |    67 |    14 ||    81
 Fire: Blowgun           |     3 |     7 ||    10
  Use: Scroll            |       |     7 ||     7
 Stab: Sleeping          |    11 |     3 ||    14
       Distracted        |       |     1 ||     1
  Eat: Beef jerky        |       |     1 ||     1
